 Seeded DCSS version 0.28.0-62-gf88900778d (webtiles) character file.

Game seed: 11237219547259039194 (custom seed)

341627 cbfl8 the Severer (level 21, -8/193 HPs)
             Began as a Minotaur Berserker on July 1, 2023.
             Was a High Priest of Trog.
             Killed from afar by an ironbound thunderhulk (51 damage)
             ... with a bolt of lightning
             ... on level 1 of the Vaults.
             The game lasted 01:29:45 (62025 turns).

cbfl8 the Severer (Minotaur Berserker)             Turns: 62025, Time: 01:29:45

Health: -8/193     AC: 37    Str: 31    XL:     21   Next: 9%
Magic:  20/20      EV: 13    Int:  7    God:    Trog [*****.]
Gold:   4789       SH: 29    Dex: 22    Spells: 20/20 levels left

rFire   + + +      SeeInvis .   u - +5 broad axe (freeze)
rCold   + + +      Faith    .   t - +1 tower shield {rC+ rF+}
rNeg    . . .      Spirit   .   d - +11 gold dragon scales
rPois   +          Reflect  +   O - +1 hat
rElec   .          Harm     .   f - scarf {rC+ rF+}
rCorr   .          Rampage  .   s - +1 pair of gloves
Will    +....                   v - +0 pair of boots
Stlth   ..........              w - amulet of reflection
HPRegen 0.42/turn               c - +6 ring of dexterity
MPRegen 0.17/turn               Q - ring of Ytitrucw {Str+6 Int+3}

@: frozen, on berserk cooldown, slowed, studying Staves, very slow
A: horns 2, retaliatory headbutt, clumsy 1, no potion heal 1, MP-powered wands
}: 2/15 runes: decaying, serpentine
a: Renounce Religion, Berserk, Trog's Hand, Brothers in Arms


You were on level 1 of the Vaults.
You worshipped Trog.
Trog was extremely pleased with you.
You visited 7 branches of the dungeon, and saw 35 of its levels.
You visited the Abyss 2 times.
You also visited: Sewer, Bailey, Gauntlet, Ice Cave and Volcano.

You collected 5641 gold pieces.
You spent 852 gold pieces at shops.

Inventory:

Hand Weapons
 u - a +5 broad axe of freezing (weapon)
 P - a +3 antimagic war axe
Armour
 d - +11 gold dragon scales (worn)
 f - a scarf of resistance (worn)
 s - a +1 pair of gloves (worn)
 t - a +1 tower shield of resistance (worn)
 v - a +0 pair of boots (worn)
 O - a +1 hat (worn)
Jewellery
 c - a +6 ring of dexterity (left hand)
 w - an amulet of reflection (around neck)
 Q - the ring of Ytitrucw (right hand) {Str+6 Int+3}
   (You found it in a Gauntlet)

   [ring of strength]

   Str:       It affects your strength (+6).
   Int:       It affects your intelligence (+3).
Wands
 x - a wand of acid (21)
 A - a wand of flame (58)
 B - a wand of mindburst (8)
 C - a wand of charming (14)
 E - a wand of iceblast (47)
 G - a wand of digging (27)
 N - a wand of paralysis (9)
 S - a wand of polymorph (12) (quivered)
Scrolls
 g - 5 scrolls of blinking
 h - 6 scrolls of fog
 l - 3 scrolls of brand weapon
 n - 2 scrolls of magic mapping
 p - a scroll of summoning
 q - a scroll of silence
 F - a scroll of noise
 K - 5 scrolls of teleportation
 T - 5 scrolls of fear
 X - 3 scrolls of holy word
Potions
 a - 3 potions of cancellation
 b - 6 potions of resistance
 e - 5 potions of flight
 i - 5 potions of might
 j - 2 potions of heal wounds
 k - 12 potions of curing
 r - 3 potions of ambrosia
 H - 6 potions of haste
 I - 3 potions of berserk rage
 J - 2 potions of invisibility
Miscellaneous
 o - a lightning rod (4/4)
 y - a phial of floods
 D - a phantom mirror
 R - a piece from Xom's chessboard (15/15)
 U - a condenser vane
 W - a piece from Xom's chessboard (15/15)
 Z - a box of beasts


   Skills:
 + Level 17.8 Fighting
 + Level 20.9 Axes
 + Level 16.8 Armour
 + Level 13.1 Dodging
 + Level 11.0 Stealth
 + Level 18.8 Shields
 * Level 14.5 Evocations


You had 20 spell levels left.
You didn't know any spells.
Your spell library was empty.

Dungeon Overview and Level Annotations

Branches:
Dungeon (15/15)            Temple (0/1) D:7            Lair (6/6) D:11
  Swamp (4/4) Lair:4        Snake (4/4) Lair:3        Slime (0/5) Lair:6
    Orc (2/2) D:9             Elf (3/3) Orc:2        Vaults (1/5) D:14
 Depths (0/4) D:15          Sewer (visited)          Bailey (visited)
  IceCv (visited)         Volcano (visited)         Gauntlet (visited)

Altars:
Ashenzari
Cheibriados
Dithmenos
Elyvilon
Fedhas
Gozag
Hepliaklqana
Okawaru
Ru
Sif Muna
Trog
Uskayaw
Wu Jian
Xom
Zin
Jiyva

Shops:
D:7 (   Orc:1 ((([*   Orc:2 ((*:?*[

Portals:
Trove: D:10 (give horn of Geryon)


Innate Abilities, Weirdness & Mutations

You have a pair of horns on your head.
You reflexively headbutt those who attack you in melee.
You are clumsy. (Dex -2)
Potions are less effective at restoring your health.
You expend magic power (3 MP) to strengthen your wands.


Message History

The bolt hits the yaktaur!
You kill the yaktaur!
Trog accepts your kill.
The ironbound frostheart touches you but does no damage.
Electricity crackles from the ironbound thunderhulk's apparatus.
The bolt of lightning misses you.
Things that are here:
a +0 arbalest; 11 bolts Unknown command.
You completely miss the ironbound frostheart.
You barely miss the vault warden.
Electricity crackles from the ironbound thunderhulk's apparatus.
The bolt of lightning hits you!!
The ironbound frostheart calls freezing cold from the walls.
The frost grips you!! You partially resist.
You are encased in ice.
You closely miss the ironbound frostheart.
You closely miss the vault warden. You slice the yaktaur!!
You freeze the yaktaur!
You are no longer berserk.
You are exhausted.
You feel yourself slow down. You block the vault warden's attack.
Unknown command.
You slash the yaktaur! You freeze the yaktaur.
You kill the yaktaur!
Trog accepts your kill.
You hit the vault warden but do no damage.
You slash the ironbound frostheart!
Electricity crackles from the ironbound thunderhulk's apparatus.
The bolt of lightning hits you!!!
The ironbound frostheart closely misses you.
Electricity crackles from the ironbound thunderhulk's apparatus.
The bolt of lightning hits you!!
* * * LOW HITPOINT WARNING * * *
You block the vault warden's attack.
The ironbound frostheart barely misses you.
You furiously retaliate!
You headbutt the ironbound frostheart!
Electricity crackles from the ironbound thunderhulk's apparatus.
The bolt of lightning hits you!!!
You die...

#....J#.....p.+
#.....+ ....cO#
#.....# .c.c..
#.....## .pc.
#....).##...
#....)).##.#
#...#+####+##
#...#)).....#
#...'@p.O...#.#
#...#p).....#.#
#...#.......#.#
#...#O....(.#.########
#...#.......#.........
#...#########.........
#.....................
#................[....
#[[(..................


You could see a vault warden, 2 ironbound thunderhulks and an ironbound
frostheart.

Vanquished Creatures
  Nikola (Snake:2)
  A bone dragon (Swamp:4)
  A tentacled monstrosity (Swamp:4)
  Rupert (D:12)
  A lich (Elf:3)
  2 deep elf master archers (Elf:3)
  2 deep elf blademasters (Elf:3)
  The ghost of Zonian the Severer, an adept HOFi of Beogh (Snake:1)
  3 tentacled starspawn
  A thorn hunter (Swamp:2)
  Kirke (D:14)
  3 nagarajas
  A fenstrider witch (Swamp:3)
  A vault warden (Vaults:1)
  7 deep elf sorcerers
  The ghost of JJisdabomb the Fencer, an adept VSFi of Okawaru (Snake:4)
  6 deep elf elementalists
  A draconian shifter (Abyss:2)
  A balrug (Abyss:2)
  A caustic shrike skeleton (Abyss:2)
  An ironbound preserver (Vaults:1)
  An ironbound thunderhulk (Vaults:1)
  4 eleionomae
  7 deep elf demonologists (Elf:3)
  A minotaur (Gauntlet)
  6 deep elf annihilators (Elf:3)
  3 bunyips
  A bunyip (shapeshifter) (Elf:3)
  6 deep elf death magi
  Snorg (D:11)
  A fire dragon (Volcano)
  2 great orbs of eyes
  The ghost of Xyudeake the Devastator, a journeyman DEFE of Vehumet (Lair:4)
  2 yaktaur captains (Vaults:1)
  2 deep elf high priests (Elf:3)
  Josephine (D:10)
  A shambling mangrove (Swamp:2)
  4 boulder beetles
  Fannar (D:11)
  A rakshasa (Abyss:2)
  2 vault guards (Bailey)
  A catoblepas (Lair:5)
  23 naga warriors
  12 hydras
  A ghost crab (Swamp:4)
  4 ogre magi
  6 salamander tyrants (Snake:4)
  7 anacondas
  A merfolk avatar (Lair:6)
  A spriggan skeleton (Abyss:2)
  3 centaur warriors
  24 two-headed ogres
  Erica (D:11)
  25 dancing weapons
  2 tengu warriors (D:15)
  6 alligators
  An orc high priest (Orc:1)
  6 naga sharpshooters
  4 death yaks (Lair:4)
  8 shock serpents
  5 thrashing horrors
  Sonja (D:10)
  23 deep elf knights
  13 skeletal warriors
  2 spatial maelstroms (Abyss:3)
  5 wretched stars (Abyss:2)
  3 goliath frogs (Swamp:2)
  A spriggan druid (Swamp:2)
  A death drake (Swamp:4)
  5 salamander mystics
  3 lindwurms
  A glowing orange brain (Abyss:2)
  4 naga ritualists
  14 large abominations
  2 sea snakes (Lair:6)
  2 ironbound convokers (Vaults:1)
  A swamp dragon (Swamp:1)
  8 bog bodies
  7 harpies
  19 deep elf archers
  5 necromancers
  2 spectral hydras (Swamp:4)
  3 wizards
  3 orc sorcerers (Orc:1)
  2 phantasmal warriors (Swamp:4)
  A wolf spider (Lair:4)
  34 deep elf pyromancers
  An orc knight (D:15)
  12 mana vipers
  3 ugly things
  4 oklob plants
  5 will-o-the-wisps
  38 deep elf zephyrmancers
  3 cyclopes
  A worldbinder (Abyss:2)
  34 salamanders
  A moth of wrath (Gauntlet)
  7 manticores
  A stone giant zombie (Abyss:2)
  8 elephants
  Maurice (D:10)
  5 guardian serpents
  35 black mambas
  An ice statue (IceCv)
  14 naga magi
  3 smoke demons (Abyss:2)
  A gargoyle (D:12)
  16 cane toads
  A vault sentinel (Vaults:1)
  3 centaur skeletons (D:15)
  An apocalypse crab (Abyss:2)
  A hellion (Abyss:2)
  A torpor snail (Lair:6)
  2 efreet (D:15)
  18 komodo dragons
  4 rime drakes
  6 yaktaurs
  An unseen horror (D:13)
  4 anaconda simulacra
  A spectral naga (Snake:1)
  3 swamp worm zombies (Swamp:4)
  11 ice devils (IceCv)
  Psyche (D:12)
  4 freezing wraiths
  A queen bee (shapeshifter) (D:14)
  An entropy weaver simulacrum (IceCv)
  2 spectral salamanders (Snake:1)
  3 ancient zymes
  A queen bee (Lair:2)
  5 hydra zombies (Swamp:4)
  6 trolls
  5 polar bears
  A spectral guardian serpent (Snake:1)
  9 raiju
  5 tyrant leeches
  16 hornets
  13 blink frogs
  A wind drake (shapeshifter) (D:15)
  Prince Ribbit (Bailey)
  4 alligator zombies (Swamp:4)
  10 slime creatures
  A flying skull (Abyss:2)
  3 centaur simulacra
  A snapping turtle (Lair:6)
  2 spectral swamp dragons (Swamp:4)
  4 air elementals
  A shock serpent simulacrum (Snake:1)
  12 spriggans
  2 ynoxinuls (Abyss:2)
  7 shadows
  3 dire elephant simulacra (IceCv)
  69 yaks
  6 humans (Bailey)
  2 water elementals
  A yak (shapeshifter) (Abyss:2)
  3 fire elementals
  6 wraiths
  11 wyverns
  7 basilisks
  A black mamba skeleton (Abyss:2)
  2 vampires
  12 vampire mosquitoes
  5 fire bats (Volcano)
  2 chaos spawn (Abyss:2)
  3 hogs (D:14)
  5 steam dragons
  A neqoxec (Abyss:2)
  5 death yak simulacra (IceCv)
  43 nagas
  A warg (Orc:2)
  An acid dragon (D:11)
  3 harpy simulacra
  11 swamp worms
  27 water moccasins
  4 swamp drakes
  A guardian serpent simulacrum (Snake:1)
  A sky beast (D:5)
  17 orc warriors
  An ice beast (D:6)
  A black bear (shapeshifter) (Elf:1)
  2 black mamba simulacra (Snake:1)
  2 black bears
  2 swamp dragon zombies (Swamp:4)
  24 wolves
  26 ogres
  4 phantoms (Swamp:4)
  2 centaurs
  2 kobold brigands
  27 bullfrogs
  2 earth elementals (Elf:3)
  10 small abominations
  2 gnoll sergeants
  A scorpion (D:5)
  2 cane toad simulacra
  A two-headed ogre simulacrum (IceCv)
  A wyvern zombie (D:6)
  5 elephant simulacra (IceCv)
  30 killer bees
  2 wights (Abyss:3)
  5 howler monkeys
  3 centaur zombies
  5 starcursed masses (Abyss:3)
  A quasit (Abyss:2)
  2 hounds
  A jelly (D:7)
  20 orc priests
  A gnoll shaman (D:5)
  A bullfrog skeleton (D:5)
  5 iguanas
  16 orc wizards
  A scorpion zombie (D:5)
  6 hell rats (Lair:6)
  A spriggan simulacrum (IceCv)
  3 polar bear simulacra (IceCv)
  2 spectral swamp drakes (Swamp:4)
  A troll simulacrum (IceCv)
  5 wolf simulacra (IceCv)
  6 ogre zombies (D:9)
  2 howler monkey zombies
  21 gnolls
  2 swamp drake zombies (Swamp:4)
  14 adders
  A naga simulacrum (Snake:1)
  9 river rats
  3 white imps
  5 ufetubi
  5 worms
  3 dart slugs
  58 orcs
  13 ball pythons
  13 endoplasms
  2 giant cockroaches
  11 goblins
  5 hobgoblins
  11 jackals
  3 quokkas (D:3)
  5 bats
  8 frilled lizards
  3 goblin skeletons (D:9)
  3 hobgoblin zombies (D:9)
  25 kobolds
  3 orc skeletons (D:9)
  10 orc zombies (D:9)
  30 rats
  A lurking horror (Abyss:2)
1521 creatures vanquished.

Vanquished Creatures (collateral kills)
  An ice devil (IceCv)
  A polar bear simulacrum (IceCv)
2 creatures vanquished.

Vanquished Creatures (others)
  A rakshasa (Abyss:2)
  An anaconda (Snake:4)
  2 deep elf knights (Elf:1)
  A black mamba (Lair:5)
  8 bloated husks
  A human (D:14)
  A naga (Snake:4)
  A swamp worm (Swamp:2)
  An orc warrior (Orc:2)
  A killer bee (Lair:2)
  An orc wizard (D:8)
  14 foxfires
  24 fungi
  2 lurking horrors (Abyss:2)
  67 plants
  17 starspawn tentacles
143 creatures vanquished.

Grand Total: 1666 creatures vanquished

Notes
Turn   | Place    | Note
-------+----------+-------------------------------------------
     0 | D:1      | cbfl8 the Minotaur Berserker began the quest for the Orb.
     0 | D:1      | Reached XP level 1. HP: 19/19 MP: 0/0
   312 | D:1      | Reached XP level 2. HP: 27/27 MP: 1/1
   429 | D:1      | Reached skill level 4 in Axes
   691 | D:1      | Reached XP level 3. HP: 31/33 MP: 2/2
   725 | D:1      | Reached ** piety under Trog
  1271 | D:2      | Reached skill level 1 in Evocations
  1277 | D:2      | Reached XP level 4. HP: 24/41 MP: 3/3
  1752 | D:2      | Reached skill level 5 in Axes
  1862 | D:2      | Found a faded altar of an unknown god.
  2410 | D:3      | Reached XP level 5. HP: 47/47 MP: 4/4
  2417 | D:3      | Found a glowing drain.
  2421 | Sewer    | Entered a sewer
  2819 | Sewer    | Reached *** piety under Trog
  3042 | Sewer    | Reached skill level 1 in Shields
  3253 | Sewer    | Reached XP level 6. HP: 40/55 MP: 5/5
  3382 | Sewer    | Reached skill level 6 in Axes
  3383 | Sewer    | Reached skill level 5 in Fighting
  3649 | D:3      | Reached **** piety under Trog
  4085 | D:5      | Entered Level 5 of the Dungeon
  4216 | D:4      | Reached XP level 7. HP: 50/61 MP: 6/6
  4916 | D:4      | Reached skill level 7 in Axes
  5115 | D:4      | Identified the +0 ring mail "Yvymet" {rPois rC+}
  5612 | D:5      | Reached skill level 5 in Armour
  5650 | D:5      | Found a bloodstained altar of Trog.
  5652 | D:5      | Noticed a wraith
  5659 | D:5      | Killed a wraith
  5660 | D:5      | Reached XP level 8. HP: 48/70 MP: 7/7
  5761 | D:5      | Found an iron altar of Okawaru.
  5762 | D:5      | Found a blossoming altar of Fedhas.
  6173 | D:5      | Found a shimmering altar of Xom.
  6176 | D:5      | Found a glowing silver altar of Zin.
  6178 | D:5      | Found a broken altar of Ashenzari.
  6178 | D:5      | Found an ornate altar of the Wu Jian Council.
  6179 | D:5      | Found a snail-covered altar of Cheibriados.
  6181 | D:5      | Found a white marble altar of Elyvilon.
  6185 | D:5      | Found a hide-covered altar of Uskayaw.
  6186 | D:5      | Found a shimmering blue altar of Sif Muna.
  6218 | D:5      | Reached skill level 8 in Axes
  7545 | D:6      | Found a hazy altar of Hepliaklqana.
  7545 | D:6      | Found an opulent altar of Gozag.
  8200 | D:7      | Found Jofumina's Antique Weapon Shoppe.
  8240 | D:7      | Found a flagged portal.
  8290 | Bailey   | Entered a bailey
  8304 | Bailey   | Reached ***** piety under Trog
  8306 | Bailey   | Reached XP level 9. HP: 33/78 MP: 8/8
  8309 | Bailey   | Reached skill level 9 in Axes
  8534 | Bailey   | Reached skill level 5 in Evocations
  8543 | Bailey   | Reached skill level 10 in Axes
  8543 | Bailey   | Reached skill level 5 in Shields
  8705 | Bailey   | Noticed a vault guard
  8729 | Bailey   | Killed a vault guard
  8864 | Bailey   | Noticed Prince Ribbit
  8864 | Bailey   | Noticed a vault guard
  8876 | Bailey   | Killed a vault guard
  8877 | Bailey   | Reached XP level 10. HP: 86/86 MP: 9/9
  8878 | Bailey   | Killed Prince Ribbit
  8982 | Bailey   | Reached skill level 11 in Axes
  9440 | D:7      | Found a staircase to the Ecumenical Temple.
 10680 | D:9      | Reached skill level 12 in Axes
 11101 | D:9      | Identified the +6 battleaxe of Siacol {vorpal, Will+
                  | Stlth+} (Trog gifted it to you on level 9 of the Dungeon)
 11101 | D:9      | Received a gift from Trog
 11108 | D:9      | Found a staircase to the Orcish Mines.
 11727 | D:10     | Entered Level 10 of the Dungeon
 11739 | D:10     | Reached XP level 11. HP: 95/95 MP: 10/10
 11756 | D:10     | Noticed a purple ugly thing
 11887 | D:10     | Killed a purple ugly thing
 11949 | D:10     | Noticed Josephine
 11957 | D:10     | Killed Josephine
 12480 | D:10     | Noticed Maurice
 12497 | D:10     | Reached skill level 13 in Axes
 12497 | D:10     | Reached skill level 10 in Armour
 12499 | D:10     | Killed Maurice
 12509 | D:10     | Noticed Sonja
 12511 | D:10     | Killed Sonja
 12799 | D:10     | Found a portal to a secret trove of treasure.
 12908 | D:11     | Noticed a two-headed ogre
 12909 | D:11     | Noticed a two-headed ogre
 12915 | D:11     | Killed a two-headed ogre
 12918 | D:11     | Killed a two-headed ogre
 12974 | D:11     | Noticed a deep elf pyromancer
 12976 | D:11     | Noticed a deep elf pyromancer
 12978 | D:11     | Noticed a deep elf pyromancer
 12979 | D:11     | Killed a deep elf pyromancer
 12981 | D:11     | Noticed a deep elf pyromancer
 12989 | D:11     | Noticed a deep elf pyromancer
 12992 | D:11     | Killed a deep elf pyromancer
 13004 | D:11     | Killed a deep elf pyromancer
 13183 | D:11     | Noticed Fannar
 13195 | D:11     | Killed Fannar
 13258 | D:11     | Reached skill level 14 in Axes
 13356 | D:11     | Noticed a wizard
 13357 | D:11     | Killed a wizard
 13358 | D:11     | Killed a deep elf pyromancer
 13359 | D:11     | Reached XP level 12. HP: 106/106 MP: 11/11
 13488 | D:11     | Reached skill level 10 in Fighting
 13568 | D:11     | Noticed Erica
 13577 | D:11     | Killed Erica
 14067 | D:11     | Found a hazy altar of Hepliaklqana.
 14155 | D:11     | Noticed a two-headed ogre
 14164 | D:11     | Killed a two-headed ogre
 14235 | D:11     | Found a staircase to the Lair.
 14388 | D:11     | Noticed Snorg
 14402 | D:11     | Killed Snorg
 14745 | D:11     | Noticed a boulder beetle
 14754 | D:11     | Killed a boulder beetle
 15254 | D:12     | Reached skill level 15 in Axes
 15481 | D:12     | Found a shadowy altar of Dithmenos.
 15615 | D:12     | Reached skill level 1 in Stealth
 15895 | D:12     | Noticed Psyche
 15897 | D:12     | Noticed Rupert
 15900 | D:12     | Noticed a boulder beetle
 15901 | D:12     | Killed Psyche
 15914 | D:12     | Killed Rupert
 15920 | D:12     | Killed a boulder beetle
 16043 | D:12     | Reached XP level 13. HP: 99/116 MP: 12/12
 16454 | D:13     | Found a frozen archway.
 16485 | IceCv    | Entered an ice cave
 18227 | IceCv    | Found an ancient bone altar of Kikubaaqudgha.
 18236 | IceCv    | Received a gift from Trog
 19116 | IceCv    | Reached skill level 5 in Dodging
 19545 | IceCv    | Reached skill level 16 in Axes
 20232 | D:13     | Found an iron altar of Okawaru.
 20964 | D:14     | Noticed Kirke
 20975 | D:14     | Killed Kirke
 21232 | D:14     | Found a gate to the Vaults.
 21239 | D:14     | Received a gift from Trog
 21313 | D:14     | Reached XP level 14. HP: 116/126 MP: 13/13
 21568 | D:14     | Found a hide-covered altar of Uskayaw.
 21876 | D:14     | Reached skill level 10 in Shields
 22049 | D:15     | Entered Level 15 of the Dungeon
 22362 | D:15     | Reached skill level 10 in Evocations
 22525 | D:15     | Reached skill level 5 in Stealth
 23128 | D:15     | Found a staircase to the Depths.
 23139 | D:15     | Reached skill level 17 in Axes
 23337 | Lair:1   | Entered Level 1 of the Lair of Beasts
 25623 | Lair:2   | Received a gift from Trog
 25940 | Lair:3   | Found a gate leading to a gauntlet.
 25949 | Gauntlet | Entered a Gauntlet
 25949 | Gauntlet | Found a transporter.
 25949 | Gauntlet | Found a runed translucent gate.
 25949 | Gauntlet | Found a transporter.
 26104 | Gauntlet | Found a runed translucent gate.
 26105 | Gauntlet | Found a runed translucent gate.
 26111 | Gauntlet | Found a transporter.
 26115 | Gauntlet | Found a transporter.
 26127 | Gauntlet | Found a transporter.
 26135 | Gauntlet | Found a transporter.
 26151 | Gauntlet | Found a transporter.
 26165 | Gauntlet | Found a transporter.
 26169 | Gauntlet | Found a transporter.
 26177 | Gauntlet | Found a transporter.
 26181 | Gauntlet | Found a transporter.
 26273 | Gauntlet | Found a transporter.
 26466 | Gauntlet | Paralysed by a great orb of eyes for 3 turns
 26475 | Gauntlet | Identified the ring of Ytitrucw {Str+6 Int+3}
 26513 | Gauntlet | Identified the +5 morningstar of Buink {vorpal, Str+3 Dex-3
                  | Stlth+}
 26713 | Lair:3   | Reached XP level 15. HP: 120/134 MP: 14/14
 26861 | Lair:3   | Found a staircase to the Snake Pit.
 27586 | Lair:4   | Found a staircase to the Swamp.
 28080 | Lair:4   | Found a runed translucent gate.
 28080 | Lair:4   | Found a runed translucent gate.
 28081 | Lair:4   | Found a runed translucent gate.
 28081 | Lair:4   | Noticed Xyudeake's ghost (journeyman DEFE)
 28264 | Lair:4   | Gained mutation: Your muscles are strong. (Str +2) [potion
                  | of mutation]
 28275 | Lair:4   | Killed Xyudeake's ghost
 28426 | Lair:5   | Reached skill level 18 in Axes
 28782 | Lair:5   | Found a sacrificial altar of Ru.
 29377 | Lair:6   | Entered Level 6 of the Lair of Beasts
 29388 | Lair:6   | Received a gift from Trog
 30512 | Lair:6   | Found a viscous altar of Jiyva.
 30512 | Lair:6   | Found a staircase to the Slime Pits.
 30522 | Lair:6   | Reached XP level 16. HP: 145/145 MP: 15/15
 31063 | Orc:1    | Entered Level 1 of the Orcish Mines
 31063 | Orc:1    | Found Nutany's Armour Emporium.
 31063 | Orc:1    | Found Rooweudgh's Antique Weapon Shoppe.
 31084 | Orc:1    | Bought a +1 tower shield of poison resistance for 202 gold
                  | pieces
 31112 | Orc:1    | Found Wiatil's Antique Weapon Emporium.
 31145 | Orc:1    | Found Vapta's Antique Weapon Boutique.
 31158 | Orc:1    | Received a gift from Trog
 31159 | Orc:1    | Reached ****** piety under Trog
 31171 | Orc:1    | Found Kotunn's General Store.
 31182 | Orc:1    | Bought a scroll of identify for 26 gold pieces
 31182 | Orc:1    | Bought a scroll of teleportation for 39 gold pieces
 31187 | Orc:1    | Identified a scroll of acquirement
 31188 | Orc:1    | Acquired 1084 gold pieces
 31262 | Orc:1    | Found a dark tunnel.
 31277 | Volcano  | Entered a volcano
 32303 | Orc:2    | Entered Level 2 of the Orcish Mines
 32305 | Orc:2    | Found Qusker's Antique Weapon Boutique.
 32306 | Orc:2    | Paralysed by an orc sorcerer for 7 turns
 32527 | Orc:1    | Received a gift from Trog
 33215 | Orc:2    | Found Xaicw's General Store.
 33215 | Orc:2    | Found Korgh's Magic Scroll Shoppe.
 33215 | Orc:2    | Found Vistraguol's Book Shoppe.
 33215 | Orc:2    | Found Peotazoz's Assorted Antiques.
 33231 | Orc:2    | Reached skill level 10 in Dodging
 33464 | Orc:2    | Bought a scroll of identify for 24 gold pieces
 33464 | Orc:2    | Bought a scroll of holy word for 90 gold pieces
 33465 | Orc:2    | Bought a scroll of blinking for 97 gold pieces
 33465 | Orc:2    | Bought a scroll of identify for 26 gold pieces
 33465 | Orc:2    | Bought a scroll of identify for 26 gold pieces
 33470 | Orc:2    | Bought a scroll of identify for 56 gold pieces
 33470 | Orc:2    | Bought a scroll of enchant weapon for 210 gold pieces
 33470 | Orc:2    | Bought a scroll of identify for 56 gold pieces
 33490 | Orc:2    | Found Bim Bol's Antique Weapon Shop.
 33611 | Orc:2    | Found a staircase to the Elven Halls.
 33636 | Orc:2    | Received a gift from Trog
 33718 | Orc:2    | Found Jiqoquc's Antique Armour Emporium.
 33865 | Elf:1    | Entered Level 1 of the Elven Halls
 35205 | Elf:1    | Received a gift from Trog
 35211 | Elf:1    | Reached skill level 19 in Axes
 35506 | Elf:1    | Lost mutation: Your muscles are strong. (Str +2) [potion of
                  | mutation]
 35506 | Elf:1    | Gained mutation: Armour fits poorly on your strangely
                  | shaped body. [potion of mutation]
 35506 | Elf:1    | Gained mutation: Your spells are a little easier to cast,
                  | but a little less powerful. [potion of mutation]
 35507 | Elf:1    | Lost mutation: Your spells are a little easier to cast, but
                  | a little less powerful. [potion of mutation]
 35507 | Elf:1    | Lost mutation: Armour fits poorly on your strangely shaped
                  | body. [potion of mutation]
 35507 | Elf:1    | Gained mutation: You are agile. (Dex +2) [potion of
                  | mutation]
 35507 | Elf:1    | Gained mutation: Your system is resistant to poisons.
                  | (rPois) [potion of mutation]
 35507 | Elf:1    | Gained mutation: Your spells are a little harder to cast,
                  | but a little more powerful. [potion of mutation]
 35584 | Elf:2    | Reached XP level 17. HP: 154/154 MP: 16/16
 35646 | Elf:2    | Paralysed by an air elemental for 1 turns
 35872 | Elf:2    | Received a gift from Trog
 36743 | Elf:2    | Reached skill level 15 in Fighting
 36948 | Elf:2    | Found a runed translucent gate.
 36949 | Elf:2    | Found a runed translucent gate.
 36949 | Elf:2    | Found a runed translucent gate.
 37420 | Elf:3    | Entered Level 3 of the Elven Halls
 38361 | Elf:3    | Noticed a deep elf blademaster
 38362 | Elf:3    | Noticed a deep elf blademaster
 38363 | Elf:3    | Noticed a Brimstone Fiend
 38363 | Elf:3    | Cast into level 2 of the Abyss (a deep elf demonologist)
 38484 | Abyss:2  | Found a viscous altar of Jiyva.
 38645 | Abyss:2  | Found a corrupted altar of Lugonu.
 38781 | Abyss:2  | Found a corrupted altar of Lugonu.
 39040 | Elf:3    | Escaped the Abyss
 39051 | Elf:3    | Killed a deep elf blademaster
 39051 | Elf:3    | Noticed a deep elf master archer
 39689 | Elf:3    | Noticed a deep elf master archer
 39828 | Elf:3    | Killed a deep elf master archer
 39970 | Elf:3    | Paralysed by an air elemental for 1 turns
 39973 | Elf:3    | Killed a deep elf master archer
 39976 | Elf:3    | Paralysed by an air elemental for 1 turns
 40049 | Elf:3    | Received a gift from Trog
 40105 | Elf:3    | Killed a deep elf blademaster
 40349 | Elf:3    | Identified the ring "Voebbo" {rC+ AC+4}
 40354 | Elf:3    | Identified the +5 hand axe of Uhuk {holy, Int+6}
 40358 | Elf:3    | Identified the +0 leather armour "Jolyry" {*Corrode rElec
                  | rC+++ Stlth+}
 40358 | Elf:3    | Identified the ring "Esoott" {Wiz rF+}
 40365 | Elf:3    | Identified the amulet of Gemionn {rPois Regen+ rCorr Dex+2}
 40366 | Elf:3    | Reached skill level 15 in Shields
 40366 | Elf:3    | Identified the ring of Huullup {rPois rF- rC+ SInv}
 40380 | Elf:3    | Identified the +8 spear "Isho" {freeze, +Blink rCorr}
 40790 | Elf:3    | Reached skill level 15 in Armour
 41002 | Elf:3    | Noticed a Tzitzimitl
 41011 | Elf:3    | Noticed a Hell Sentinel
 41014 | Elf:3    | Reached XP level 18. HP: 165/165 MP: 17/17
 41154 | Elf:3    | Identified the ring "Lezox" {*Corrode rElec rN+ Int+6}
 41156 | Elf:3    | Identified the ring of Yntek {Will+ Str-3 Int+7 SInv}
 41166 | Elf:3    | Noticed a Tzitzimitl
 41168 | Elf:3    | Noticed a Hell Sentinel
 41169 | Elf:3    | Noticed a Hell Sentinel
 41456 | Elf:3    | Noticed a Tzitzimitl
 41925 | Elf:3    | Paralysed by an air elemental for 1 turns
 41927 | Elf:3    | Paralysed by an air elemental for 1 turns
 41929 | Elf:3    | Paralysed by an air elemental for 1 turns
 42118 | Elf:3    | Cast into level 2 of the Abyss (a deep elf demonologist)
 42323 | Abyss:2  | Gained mutation: Armour fits poorly on your strangely
                  | shaped body. [a neqoxec]
 42326 | Abyss:2  | Gained mutation: You are frail. (-10% HP) [a neqoxec]
 42574 | Abyss:3  | Noticed a lich
 42585 | Elf:3    | Escaped the Abyss
 42592 | Elf:3    | Killed a lich
 42617 | Elf:3    | Identified the +4 helmet of the Camelopard {Regen+}
 44924 | Elf:2    | Reached skill level 10 in Stealth
 46612 | Swamp:1  | Entered Level 1 of the Swamp
 46613 | Swamp:1  | Lost mutation: Your system is resistant to poisons. (rPois)
                  | [potion of mutation]
 46613 | Swamp:1  | Lost mutation: You are agile. (Dex +2) [potion of mutation]
 46613 | Swamp:1  | Lost mutation: Your spells are a little harder to cast, but
                  | a little more powerful. [potion of mutation]
 46613 | Swamp:1  | Gained mutation: You tend to lose your temper in combat.
                  | [potion of mutation]
 46613 | Swamp:1  | Gained mutation: You are partially covered in iridescent
                  | scales. (AC +2) [potion of mutation]
 47170 | Swamp:1  | Reached XP level 19. HP: 154/154 MP: 18/18
 49251 | Swamp:2  | Identified the +1 helmet of the Stag {Int+5 Slay-4}
 49504 | Swamp:3  | Paralysed by a fenstrider witch for 4 turns
 50861 | Snake:1  | Entered Level 1 of the Snake Pit
 50990 | Snake:1  | Lost mutation: Armour fits poorly on your strangely shaped
                  | body. [potion of mutation]
 50990 | Snake:1  | Lost mutation: You are partially covered in iridescent
                  | scales. (AC +2) [potion of mutation]
 50990 | Snake:1  | Gained mutation: Potions are less effective at restoring
                  | your health. [potion of mutation]
 50990 | Snake:1  | Gained mutation: You are clumsy. (Dex -2) [potion of
                  | mutation]
 51064 | Snake:1  | Found a runed translucent gate.
 51065 | Snake:1  | Found a runed translucent gate.
 51066 | Snake:1  | Found a runed translucent gate.
 51071 | Snake:1  | Found the +2 hat of the Bear Spirit {Spirit, *Rage Will++}
 51072 | Snake:1  | Noticed Zonian's ghost (adept HOFi)
 51082 | Snake:1  | Received a gift from Trog
 51095 | Snake:1  | Killed Zonian's ghost
 51113 | Snake:1  | Lost mutation: You tend to lose your temper in combat.
                  | [potion of mutation]
 51113 | Snake:1  | Lost mutation: You are frail. (-10% HP) [potion of
                  | mutation]
 51113 | Snake:1  | Gained mutation: You expend magic power (3 MP) to
                  | strengthen your wands. [potion of mutation]
 51256 | Snake:1  | Reached skill level 20 in Axes
 51472 | Snake:1  | Found the +8 Vampire's Tooth {vamp}
 52929 | Snake:2  | Reached XP level 20. HP: 160/182 MP: 19/19
 53669 | Snake:3  | Noticed Nikola
 53680 | Snake:2  | Killed Nikola
 54021 | Snake:3  | Received a gift from Trog
 55236 | Snake:4  | Entered Level 4 of the Snake Pit
 55238 | Snake:4  | Found a runed translucent door.
 55243 | Snake:4  | Noticed JJisdabomb's ghost (adept VSFi)
 55271 | Snake:4  | Killed JJisdabomb's ghost
 55875 | Swamp:4  | Entered Level 4 of the Swamp
 57724 | Swamp:4  | Got a decaying rune of Zot
 57806 | Swamp:4  | Noticed a bone dragon
 57820 | Swamp:4  | Killed a bone dragon
 58904 | Snake:4  | Received a gift from Trog
 60883 | Snake:4  | Received a gift from Trog
 60887 | Snake:4  | Got a serpentine rune of Zot
 61510 | Vaults:1 | Entered Level 1 of the Vaults
 61541 | Vaults:1 | Reached XP level 21. HP: 138/193 MP: 20/20
 62025 | Vaults:1 | Killed from afar by an ironbound thunderhulk

Illustrated notes

Levels and vault maps discovered:
D:1:      dpeg_arrival_rooms_a, layout_basic
D:2:      layout_loops_ring, ebering_ecumenical_altar_abandoned
D:3:      layout_rooms, gup_sewer_entry_spiral, minmay_starry_boxes
D:4:      layout_layer_cave, corexii_checkpoint_a, wad_orctagon
D:5:      layout_basic, nicolae_overflow_hallway_of_the_gods,
          corexii_corridor_pit, hangedman_decor_slide_cut,
          minmay_misc_feat_four_crosses, minmay_misc_feat_iff,
          hangedman_decor_points
D:6:      layout_gridville, gammafunk_temple_overflow_statue
D:7:      layout_basic, minmay_temple_entry_ruins, serial_shops,
          nicolae_square_shop, enter_bailey_4, chequers_serial_rivers_micro_b
D:8:      layout_basic
D:9:      layout_stronghold, zombieorc1_lemuel
D:10:     layout_big_octagon, enter_trove_0, serial_column_ruins,
          column_ruins_hut, column_ruins_square_medium, column_ruins_open_small,
          column_ruins_open_tiny, column_ruins_columns_corner,
          column_ruins_corridor_water, column_ruins_grid_1, uniq_maurice,
          uniq_josephine, uniq_sonja
D:11:     cheibrodos_lost_city_excavation, layout_loops_corners,
          david_lair_shrubbed, nicolae_hepliaklqana_hazy_memory, uniq_fannar,
          uniq_snorg, uniq_erica
D:12:     layout_irregular_city, nicolae_dithmenos_the_darkroom, uniq_rupert,
          uniq_psyche
D:13:     layout_loops_ring, serial_rivers, chequers_serial_rivers_large_a,
          chequers_serial_rivers_micro_c, chequers_serial_rivers_micro_c,
          chequers_serial_rivers_micro_c, chequers_serial_rivers_micro_b,
          portal_ice_cave_rime, okawaru_altar_gauntlet_db
D:14:     layout_gridville, david_vaults_1, kennysheep_minor_cross,
          nicolae_uskayaw_murder_on_the_dancefloor, uniq_kirke
D:15:     grunt_enter_depths_magical_seal, layout_rooms
Lair:1:   layout_regular_city, grunt_megastairs_1
Lair:2:   regret_index_harrowing_hell_hive, layout_cave_pods,
          uniq_prince_ribbit2
Lair:3:   layout_chaotic_city, minmay_snake_entry_guardpost_small,
          gauntlet_entry_generic
Lair:4:   layout_cave_shapes, minmay_swamp_entry_reptiles, gammafunk_ghost_split
Lair:5:   layout_cave_shapes, basic_altar, beast_lair_carwin_11
Lair:6:   gammafunk_lair_ancient_temple, layout_concentric_octagons,
          slime_altar_1
Swamp:1:  layout_basic_swamp, evilmike_swamp_ruin_wall, swamp_pool1,
          nicolae_swamp_oklob_treasure_island
Swamp:2:  layout_basic_swamp, evilmike_swamp_ruin_rubble_1, swamp_pool2
Swamp:3:  layout_basic_swamp, evilmike_swamp_ruin_house_4, swamp_pool2,
          nicolae_swamp_orc_logging_accident, infiniplex_staircase_pool_2
Swamp:4:  swamp_pestilence, layout_basic_swamp
Snake:1:  layout_chambers, gammafunk_ghost_necromancy, nicolae_snake_squiggles,
          grunt_megastairs_4
Snake:2:  layout_onion_interference
Snake:3:  layout_cave_town, uniq_nikola
Snake:4:  grunt_snake_rune_pools, layout_cave_town,
          ebering_ghost_reflecting_pool, serial_bayou_shore_b
Orc:1:    layout_caves, serial_shops, shop, shop, nicolae_shop_stone, shop,
          shop, enter_volcano_2
Orc:2:    st_orc_ogre_mass, layout_caves, serial_shops,
          nicolae_shop_advertising_works [nicolae_subvault_shop_adworks],
          nicolae_shop_hallway_plus, shop
Elf:1:    eino_elf_arrival_customs, layout_rooms, minmay_elf_necromancy
Elf:2:    nicolae_elf_blades_crystal_corner, layout_loops_cross,
          elves_outpost_lemuel
Elf:3:    elf_hall, layout_geoelf_octagon
Vaults:1: v_misc_17, nicolae_vaults_little_squares_4,
          hangedman_vaults_variations, hangedman_vaults_maws, vaults_mumra_hex,
          ontoclasm_vaults_twist, layout_vaults_omnigrid

Skill      XL: |  1  2  3  4  5  6  7  8  9 10 11 12 13 14 15 16 17 18 19 20 |
---------------+-------------------------------------------------------------+-----
Fighting       | 4 5 6 7 8 9 11 12 13 14 15 16 17 | 17.8
Axes           | 4 5 6 7 8 10 12 14 15 16 17 18 19 20 | 20.9
Evocations     | 1 2 3 4 5 6 8 9 10 11 12 13 14 | 14.5
Armour         | 3 4 5 7 8 9 10 11 12 13 14 15 16 | 16.8
Shields        | 1 2 4 5 6 7 9 11 12 13 15 16 18 | 18.8
Dodging        | 3 6 7 9 10 11 12 13 | 13.1
Stealth        | 2 4 6 7 8 9 10 11 | 11.0

Action                   |  1- 3 |  4- 6 |  7- 9 | 10-12 | 13-15 | 16-18 | 19-21 || total
-------------------------+-------+-------+-------+-------+-------+-------+-------++-------
Melee: Hand axe          |    77 |   234 |   264 |       |       |       |       ||   575
       Headbutt          |     9 |    27 |    57 |   131 |   286 |   281 |   303 ||  1094
       Punch             |     1 |     1 |       |       |       |       |       ||     2
       Broad axe         |       |       |     8 |    33 |   898 |  1187 |  1181 ||  3307
       War axe           |       |       |       |   465 |   166 |       |       ||   631
Invok: Berserk           |     1 |     4 |     7 |    10 |    17 |    15 |     9 ||    63
       Trog's Hand       |       |       |       |       |     1 |    15 |       ||    16
       Brothers in Arms  |       |       |       |       |     1 |       |       ||     1
Evoke: Wand              |       |       |     4 |    17 |    14 |     2 |     3 ||    40
       Lightning rod     |       |       |       |       |       |       |     3 ||     3
  Use: Scroll            |     3 |     3 |     3 |     3 |    28 |    19 |     9 ||    68
       Potion            |       |       |       |       |     1 |     8 |     7 ||    16
 Stab: Distracted        |       |       |       |       |       |       |     1 ||     1
Armor: Animal skin       |     2 |       |       |       |       |       |       ||     2
       Gold dragon scale |    37 |   168 |   202 |   265 |   548 |   317 |   330 ||  1867
Dodge: Dodged            |    32 |    14 |    36 |    51 |   292 |   213 |   231 ||   869
Block: Kite shield       |       |    84 |   129 |   271 |  1019 |    15 |       ||  1518
       Reflection        |       |       |       |       |    19 |   105 |   131 ||   255
       Tower shield      |       |       |       |       |       |  1143 |  1432 ||  2575
